 Dungeon Crawl Stone Soup version 0.30.0-13-g156ef70053 (webtiles) character file.

Game seed: 17531786771718469039

4545 AlmostDecent the Magician (level 10, -1/74 HPs)
             Began as a Gnoll Earth Elementalist on May 17, 2023.
             Was an Initiate of Vehumet.
             Killed from afar by Erica (21 damage)
             ... with a lance of force
             ... on level 8 of the Dungeon.
             The game lasted 00:34:31 (8263 turns).

AlmostDecent the Magician (GnEE)                    Turns: 8263, Time: 00:34:32

Health: -1/74      AC:  9    Str:  3    XL:     10   Next: 40%
Magic:  25/30      EV: 13    Int: 23    God:    Vehumet [......]
Gold:   514        SH:  0    Dex: 14    Spells: 6/24 levels left

rFire   . .          .
                       - Unarmed
rCold   + + .        (no shield)
rNeg    + + .        E - +1 leather armour of the Centipede {+Blink rC++ Slay+6}
rPois   +            (no helmet)
rElec   .            s - +0 cloak of Somewhere Else {rPois rN++ rCorr Str-2}
rCorr   +            (no gloves)
SInv    .            M - +2 pair of boots of Supple Strength {rPois Str-2 Int+5 Stlth+}
Will    .....        (no amulet)
Stlth   ++++         h - ring of magical power
HPRegen 0.32/turn    m - ring of wizardry
MPRegen 0.22/turn

%: wizardry (x1)
@: no status effects
A: fangs 1, strong nose, distributed training
a: Renounce Religion, Evoke Blink


You were on level 8 of the Dungeon.
You worshipped Vehumet.
Vehumet was noncommittal.
You visited 2 branches of the dungeon, and saw 10 of its levels.

You collected 514 gold pieces.

Inventory:

Hand Weapons
 c - a +2 dagger of venom
 e - a +0 short sword of draining
 B - a +4 mace of freezing
Missiles
 G - 4 boomerangs of dispersal
 K - a throwing net
Armour
 a - a +0 robe
 s - the +0 cloak of Somewhere Else (worn) {rPois rN++ rCorr Str-2}
   (You found it on level 4 of the Dungeon)

   Str:       It affects your strength (-2).
   rPois:     It protects you from poison.
   rN:        It greatly protects you from negative energy.
   rCorr:     It protects you from acid and corrosion.
 C - +0 swamp dragon scales
 E - the +1 leather armour of the Centipede (worn) {+Blink rC++ Slay+6}
   (You found it on level 6 of the Dungeon)

   Slay:      It affects your accuracy & damage with ranged weapons and melee
   (+6).
   rC:        It greatly protects you from cold.
   +Blink:    It lets you blink.
 J - a +1 pair of boots
 M - the +2 pair of boots of Supple Strength (worn) {rPois Str-2 Int+5 Stlth+}
   (You found it on level 8 of the Dungeon)

   Str:       It affects your strength (-2).
   Int:       It affects your intelligence (+5).
   rPois:     It protects you from poison.
   Stlth:     It makes you more stealthy.
Jewellery
 h - a ring of magical power (left hand)
 i - a ring of protection from fire
 k - a ring of protection from cold
 l - a ring of positive energy
 m - a ring of wizardry (right hand)
 o - a +5 ring of evasion
 r - a +5 ring of evasion
 u - a ring of see invisible
 y - a ring of poison resistance
Wands
 q - a wand of iceblast (16)
 A - a wand of paralysis (17)
 H - a wand of light (10)
Scrolls
 g - a scroll of fear
 n - a scroll of enchant armour
 t - a scroll of butterflies
 w - 2 scrolls of teleportation
 F - a scroll of fog {unknown}
 I - a scroll of brand weapon
Potions
 b - a potion of magic
 d - a potion of cancellation
 f - 4 potions of might
 j - a potion of curing
 p - 2 potions of haste
 x - a potion of flight
 z - a potion of degeneration
 D - 2 potions of invisibility
 L - a potion of mutation {unknown}


   Skills:
 + Level 5.4 Fighting
 + Level 5.4 Short Blades
 + Level 5.4 Long Blades
 + Level 5.4 Axes
 + Level 5.4 Maces & Flails
 + Level 5.4 Polearms
 + Level 5.4 Staves
 + Level 5.4 Ranged Weapons
 + Level 5.4 Throwing
 + Level 5.4 Armour
 + Level 7.2 Dodging
 + Level 6.9 Stealth
 + Level 5.4 Shields
 + Level 5.4 Unarmed Combat
 + Level 7.5 Spellcasting
 + Level 4.5 Conjurations
 + Level 4.5 Hexes
 + Level 4.5 Summonings
 + Level 4.5 Necromancy
 + Level 4.5 Translocations
 + Level 5.0 Transmutations
 + Level 4.5 Fire Magic
 + Level 4.5 Ice Magic
 + Level 4.5 Air Magic
 + Level 7.2 Earth Magic
 + Level 4.5 Poison Magic
 + Level 6.0 Invocations
 + Level 5.4 Evocations


You had 6 spell levels left.
You knew the following spells:

 Your Spells              Type           Power      Damage    Failure   Level
a - Sandblast             Erth           82%        2d17      1%          1
b - Scorch                Fire           58%        2d7       1%          2
c - Stone Arrow           Conj/Erth      70%        3d11      1%          3
d - Ozocubu's Armour      Ice            29%        N/A       2%          3
e - Vhi's Electric Charg  Tloc/Air       58%        N/A       2%          3
f - Blink                 Tloc           58%        N/A       1%          2
g - Flame Wave            Conj/Fire      29%        2d9       9%          4

Your spell library contained the following spells:

 Spells                   Type           Power      Damage    Failure   Level
 Magic Dart               Conj           100%       1d8       1%          1
 Call Imp                 Summ           58%        N/A       1%          2
 Lesser Beckoning         Tloc           58%        N/A       1%          2
 Momentum Strike          Conj/Tloc      58%        3d9       1%          2
 Passwall                 Tmut/Erth      30%        N/A       1%          2
 Mephitic Cloud           Conj/Pois/Air  29%        N/A       2%          3
 Petrify                  Tmut/Erth      36%        N/A       4%          4
 Summon Ice Beast         Ice/Summ       29%        N/A       9%          4
 Arcjolt                  Conj/Air       14%        1d24      22%         5
 Metabolic Englaciation   Hex/Ice        14%        N/A       22%         5
 Summon Mana Viper        Hex/Summ       29%        N/A       22%         5
 Plasma Beam              Fire/Air       14%        2x1d28    75%         6
 Simulacrum               Ice/Necr       14%        N/A       75%         6
 Summon Cactus Giant      Summ           14%        N/A       75%         6
 Monstrous Menagerie      Summ           14%        N/A       99%         7


Dungeon Overview and Level Annotations

Branches:
Dungeon (9/15)             Temple (1/1) D:6            Lair (0/5) D:8
    Orc (0/2) D:9

Altars:
Ashenzari
Cheibriados
Elyvilon
Fedhas
Gozag
Hepliaklqana
Kikubaaqudgha
Makhleb
Nemelex Xobeh
Qazlal
Sif Muna
Trog
Uskayaw
Vehumet
Zin
The Shining One

Shops:
D:3 =

Annotations:
D:7 1 runed translucent door, Crazy Yiuf
D:8 Erica


Innate Abilities, Weirdness & Mutations

You have very sharp teeth.
Your uncanny sense of smell can sniff out nearby items.
Your experience applies equally to all skills.


Message History

HP restored.
You climb downwards.
Level annotation: Erica The gnoll sergeant hits you from afar with a +0 spear of flaming!
The gnoll sergeant burns you. The gnoll sergeant closely misses you.
There is a stone staircase leading up, spattered with blood here.
The blast of sand hits the gnoll sergeant!
The gnoll sergeant is heavily wounded.
The gnoll sergeant hits you from afar with a +0 spear of flaming!
The gnoll sergeant burns you.
The blast of sand hits the gnoll sergeant!
You kill the gnoll sergeant!
Vehumet accepts your kill.
The gnoll sergeant hits you from afar with a +0 spear.
The gnoll sergeant barely misses you.
The orc warrior hits you but does no damage.
The blast of sand hits Erica!
Erica is lightly wounded.
The gnoll sergeant shouts!
The gnoll sergeant misses you. The orc warrior misses you.
You can't go down here!
Erica hits you with a +1 scimitar of flaming.
Erica burns you. The orc warrior misses you.
The gnoll sergeant hits you from afar with a +0 spear.
You climb upwards.
There is a stone staircase leading down, spattered with blood here.
Casting: Sandblast (safe; 1% risk of failure)
Confirm with . or Enter, or press ? or * to list all spells.
Flames lash Erica.
Erica is moderately wounded.
Erica's fire resistance burns away.
Erica hits you with a +1 scimitar of flaming!
Erica burns you.
* * * LOW HITPOINT WARNING * * *
Casting: Scorch (safe; 1% risk of failure)
Confirm with . or Enter, or press ? or * to list all spells.
Flames lash Erica but do no damage.
Erica casts a spell at you. The lance of force hits you!!
You die...

..........##.....###.......#
.......##.........#........#
.......####...........#.####
....................###.#
.#..########........###.# ###
.).....○..○##...........####.###
..###.☼§○☼.##........#.........#
)..###..§☼.##....#..........>..#
...###§°.☼○....[@#....###......#
.#.##.......[...@#..#..##......#
.#.....#.#.##.......##..#......#
######.....##.)...#..##........#
# ##...###[#..###...[#......#
#######...[##.#.## ####.#......#
........##.[)...## ##.#......#
##...#...........#####.........#
#.........).............##.####


You could see Erica (combustible).

Vanquished Creatures
  A two-headed ogre (D:8)
  A wyvern (D:8)
  2 water moccasins
  3 black bears
  2 sky beasts (D:7)
  An orc warrior (D:9)
  4 ogres
  2 phantoms (D:6)
  3 kobold brigands
  3 bullfrogs
  A scorpion (D:5)
  4 gnoll sergeants
  13 wights
  5 killer bees
  5 howler monkeys
  5 hounds
  5 orc priests
  A gnoll bouda (D:6)
  A jelly (D:4)
  A sleepcap (D:7)
  Jessica (D:3)
  3 iguanas
  An orc wizard (D:5)
  8 adders
  10 gnolls
  2 white imps (D:7)
  2 ufetubi
  3 worms
  14 orcs
  6 bats
  7 endoplasms
  3 giant cockroaches
  5 goblins
  5 hobgoblins
  9 jackals
  3 quokkas
  5 ball pythons
  4 frilled lizards
  12 kobolds
  2 rats (D:2)
168 creatures vanquished.

Notes
Turn   | Place    | Note
-------+----------+-------------------------------------------
     0 | D:1      | AlmostDecent the Gnoll Earth Elementalist began the quest
                  | for the Orb.
     0 | D:1      | Reached XP level 1. HP: 13/13 MP: 6/6
   104 | D:1      | Reached XP level 2. HP: 19/19 MP: 5/7
   554 | D:1      | Learned a level 2 spell: Scorch
   620 | D:2      | Reached skill level 5 in Spellcasting
   620 | D:2      | Reached XP level 3. HP: 25/25 MP: 9/9
   657 | D:2      | Reached skill level 1 in Invocations
   904 | D:2      | Reached skill level 1 in Fighting
   904 | D:2      | Reached skill level 1 in Short Blades
   904 | D:2      | Reached skill level 1 in Long Blades
   904 | D:2      | Reached skill level 1 in Axes
   904 | D:2      | Reached skill level 1 in Maces & Flails
   904 | D:2      | Reached skill level 1 in Polearms
   904 | D:2      | Reached skill level 1 in Staves
   904 | D:2      | Reached skill level 1 in Ranged Weapons
   904 | D:2      | Reached skill level 1 in Throwing
   904 | D:2      | Reached skill level 1 in Armour
   904 | D:2      | Reached skill level 1 in Shields
   904 | D:2      | Reached skill level 1 in Unarmed Combat
   904 | D:2      | Reached skill level 1 in Evocations
   963 | D:2      | Reached XP level 4. HP: 32/32 MP: 11/11
  1522 | D:3      | Noticed Jessica
  1529 | D:3      | Killed Jessica
  1530 | D:3      | Reached skill level 1 in Conjurations
  1530 | D:3      | Reached skill level 1 in Hexes
  1530 | D:3      | Reached skill level 1 in Summonings
  1530 | D:3      | Reached skill level 1 in Necromancy
  1530 | D:3      | Reached skill level 1 in Translocations
  1530 | D:3      | Reached skill level 1 in Fire Magic
  1530 | D:3      | Reached skill level 1 in Ice Magic
  1530 | D:3      | Reached skill level 1 in Air Magic
  1530 | D:3      | Reached skill level 1 in Poison Magic
  1573 | D:3      | Found Caic's Jewellery Shop.
  2079 | D:4      | Reached XP level 5. HP: 37/37 MP: 12/12
  2083 | D:4      | Learned a level 3 spell: Stone Arrow
  2087 | D:4      | Learned a level 3 spell: Ozocubu's Armour
  2109 | D:4      | Identified the +0 cloak of Somewhere Else {rPois rN++ rCorr
                  | Str-2}
  3028 | D:5      | Entered Level 5 of the Dungeon
  3167 | D:5      | Reached XP level 6. HP: 44/44 MP: 14/14
  3227 | D:5      | Reached skill level 5 in Dodging
  3310 | D:5      | Noticed a +0 hand axe
  3311 | D:5      | Found a hide-covered altar of Uskayaw.
  3311 | D:5      | Noticed a +0 hand axe
  3743 | D:5      | Reached XP level 7. HP: 51/51 MP: 15/15
  4075 | D:6      | Identified the +1 leather armour of the Centipede {+Blink
                  | rC++ Slay+6}
  4093 | D:6      | Reached skill level 5 in Stealth
  4343 | D:6      | Reached XP level 8. HP: 5/58 MP: 6/16
  4583 | D:6      | Found a staircase to the Ecumenical Temple.
  4603 | Temple   | Entered the Ecumenical Temple
  5408 | D:7      | Found a runed translucent door.
  5409 | D:7      | Noticed Crazy Yiuf
  5778 | D:7      | Reached XP level 9. HP: 54/65 MP: 18/18
  6233 | D:8      | Found a staircase to the Lair.
  6253 | D:8      | Found a radiant altar of Vehumet.
  6494 | D:7      | Reached skill level 5 in Invocations
  6730 | D:8      | Became a worshipper of Vehumet
  6771 | D:8      | HP: 3/66 [wight/sling bullet (7)]
  6993 | D:8      | Noticed a two-headed ogre
  7002 | D:8      | Killed a two-headed ogre
  7003 | D:8      | Reached skill level 5 in Fighting
  7003 | D:8      | Reached skill level 5 in Short Blades
  7003 | D:8      | Reached skill level 5 in Long Blades
  7003 | D:8      | Reached skill level 5 in Axes
  7003 | D:8      | Reached skill level 5 in Maces & Flails
  7003 | D:8      | Reached skill level 5 in Polearms
  7003 | D:8      | Reached skill level 5 in Staves
  7003 | D:8      | Reached skill level 5 in Ranged Weapons
  7003 | D:8      | Reached skill level 5 in Throwing
  7003 | D:8      | Reached skill level 5 in Armour
  7003 | D:8      | Reached skill level 5 in Shields
  7003 | D:8      | Reached skill level 5 in Unarmed Combat
  7003 | D:8      | Reached skill level 5 in Evocations
  7003 | D:8      | Reached XP level 10. HP: 5/74 MP: 17/20
  7317 | D:8      | Found a bloodstained altar of Trog.
  7351 | D:8      | Identified the +2 pair of boots of Supple Strength {rPois
                  | Str-2 Int+5 Stlth+}
  7531 | D:8      | Learned a level 3 spell: Vhi's Electric Charge
  7535 | D:8      | Learned a level 2 spell: Blink
  7540 | D:8      | Learned a level 4 spell: Flame Wave
  7613 | D:9      | Found a staircase to the Orcish Mines.
  7624 | D:9      | Noticed Erica
  7788 | D:8      | Reached skill level 5 in Transmutations
  8263 | D:8      | Killed from afar by Erica

Illustrated notes

Levels and vault maps discovered:
D:1:      lemuel_arrival_cross, layout_rooms, ebering_dispersal_statue_hall
D:2:      layout_loops_cross, grunt_decor_mini_mirrors, columned_hall_lemuel
D:3:      layout_loops_ring, serial_shops, nicolae_shop_pleasant_corner_grove,
          uniq_jessica
D:4:      layout_cave_pods, minivault_5, serial_bayou_ford_a,
          hangedman_abyss_or_decor_lesser_grid
D:5:      layout_basic, dancing_weapons_uskayaw
D:6:      layout_rooms, temple_pool_b, serial_glass, glass_columns_b,
          glass_columns_c, minmay_diced_spiral
D:7:      layout_loops_ring, hangedman_decor_peaks_small,
          david_defended_altar_orc, uniq_crazy_yiuf_cottage
D:8:      layout_rooms, mainiacjoe_overflow_boulevard, fiery_altar_vehumet,
          lair_entry_dummy, enter_bailey_2
D:9:      layout_irregular_city, grunt_temple_overflow_cloverleaf,
          okawaru_trees_1, kennysheep_orc_monster_closet_entryway,
          chequers_serial_rivers_micro_b, uniq_erica
Temple:   nicolae_temple_figure_eight

Skill      XL: |  1  2  3  4  5  6  7  8  9 10 |
---------------+-------------------------------+-----
Transmutations | 2 3 4 5 |  5.0
Spellcasting   | 5 6 7 |  7.5
Invocations    | 1 2 3 4 5 6 |  6.0
Fighting       | 1 2 3 4 5 |  5.4
Short Blades   | 1 2 3 4 5 |  5.4
Long Blades    | 1 2 3 4 5 |  5.4
Axes           | 1 2 3 4 5 |  5.4
Maces & Flails | 1 2 3 4 5 |  5.4
Polearms       | 1 2 3 4 5 |  5.4
Staves         | 1 2 3 4 5 |  5.4
Ranged Weapons | 1 2 3 4 5 |  5.4
Throwing       | 1 2 3 4 5 |  5.4
Armour         | 1 2 3 4 5 |  5.4
Shields        | 1 2 3 4 5 |  5.4
Unarmed Combat | 1 2 3 4 5 |  5.4
Evocations     | 1 2 3 4 5 |  5.4
Conjurations   | 1 2 3 4 |  4.5
Hexes          | 1 2 3 4 |  4.5
Summonings     | 1 2 3 4 |  4.5
Necromancy     | 1 2 3 4 |  4.5
Translocations | 1 2 3 4 |  4.5
Fire Magic     | 1 2 3 4 |  4.5
Ice Magic      | 1 2 3 4 |  4.5
Air Magic      | 1 2 3 4 |  4.5
Poison Magic   | 1 2 3 4 |  4.5
Dodging        | 5 6 7 |  7.2
Stealth        | 5 6 |  6.9
Earth Magic    | 6 7 |  7.2

Action                     |  1- 3 |  4- 6 |  7- 9 | 10-12 || total
---------------------------+-------+-------+-------+-------++-------
  Melee: Unarmed           |       |     1 |     5 |       ||     6
         Punch             |       |       |     1 |       ||     1
         Bite              |       |       |     1 |       ||     1
   Cast: Sandblast         |    40 |    64 |   158 |    36 ||   298
         Scorch            |       |     7 |    23 |     2 ||    32
         Flame Wave        |       |       |       |     4 ||     4
         Blink             |       |       |       |     1 ||     1
    Use: Scroll            |       |     4 |    12 |     1 ||    17
         Potion            |       |       |     4 |     2 ||     6
 Armour: Robe              |     3 |     1 |       |       ||     4
         Leather armour    |       |       |    41 |    24 ||    65
         Skin              |       |       |     1 |       ||     1
  Dodge: Dodged            |     8 |    26 |   169 |    63 ||   266
